 Dungeon Crawl Stone Soup version 0.26.1-11-gd32895ea62 (webtiles) character file.

Game seed: 5120459924641123545

44 Descartes the Ducker (level 3, 0/17 HPs)
             Began as a Felid Chaos Knight on May 28, 2021.
             Was a Plaything of Xom.
             Slain by a quasit (1 damage)
             ... on level 2 of the Dungeon.
             The game lasted 00:01:53 (977 turns).

Descartes the Ducker (Felid Chaos Knight)            Turns: 977, Time: 00:01:54

Health: 0/17       AC:  1    Str:  9      XL:     3   Next: 39%
Magic:  4/4        EV: 18    Int: 13      God:    Xom [.....*]
Gold:   73         SH:  0    Dex: 12 (15) Spells: 2/2 levels left
                                        Lives:  0   Deaths: 0

rFire    . . .     SeeInvis +     - Unarmed
rCold    . . .     Faith    .   (shield unavailable)
rNeg     . . .     Spirit   .   (armour unavailable)
rPois    .         Reflect  .   (helmet unavailable)
rElec    .         Harm     .   (cloak unavailable)
rCorr    .         Rampage  .   (gloves unavailable)
Will     .....                  (boots unavailable)
Stlth    ++........             (no amulet)
HPRegen  0.05/turn              (no ring)
MPRegen  0.09/turn              (no ring)

@: quick
A: very small, no armour, no weapons or thrown items, stealth, claws 1, fangs 3,
see invisible, speed 1, shaggy fur 1, sharp paws
a: Renounce Religion


You were on level 2 of the Dungeon.
You worshipped Xom.
You were Xom's teddy bear.
You visited 1 branch of the dungeon, and saw 2 of its levels.

You collected 73 gold pieces.

Inventory:

Jewellery
 e - a +4 ring of slaying {unknown}
Scrolls
 a - a scroll of identify {unknown}
 b - a scroll of enchant weapon {unknown}
 c - a scroll of teleportation {unknown}
 g - a scroll of immolation {unknown}
Potions
 d - a potion of flight {unknown}
 f - 2 potions of curing {unknown}


   Skills:
 - Level 3.0 Fighting
 + Level 4.1 Dodging
 + Level 2.4 Stealth
 + Level 3.5 Unarmed Combat


You had 2 spell levels left.
You didn't know any spells.
Your spell library was empty.

Dungeon Overview and Level Annotations

Branches:
Dungeon (2/15)

Altars:


Innate Abilities, Weirdness & Mutations

You cannot wear armour.
You are incapable of wielding weapons or throwing items.
Your paws allow you to move quietly. (Stealth)
You have sharp claws.
You have razor-sharp teeth.
You have supernaturally acute eyesight. (SInv)
You cover ground quickly.
You are covered in fur. (AC +1)
Your sharp claws are effective at attacking unaware monsters.


Message History

You are too injured to fight recklessly!
You are too injured to fight recklessly!
Unknown command.
You are too injured to fight recklessly!
You claw the quasit!
The quasit is severely wounded.
The quasit bites you.
* * * LOW HITPOINT WARNING * * *
The quasit claws you.
* * * LOW HITPOINT WARNING * * *
The quasit misses you.
You scratch the quasit.
The quasit is almost dead.
The quasit bites you.
* * * LOW HITPOINT WARNING * * *
The quasit closely misses you. The quasit completely misses you.
The quasit bites you.
* * * LOW HITPOINT WARNING * * *
The quasit claws you.
You die...

......## #########..
#....# !.....#
#....$..##.. ######
.......# #.......# ..
.........##.......#
#....#...##.......# #
..................###.#
#######...#....(......##
..#......†.<....
...).?..@§......
...#...§§5......
##...##......... ###.
#........( # #....=....
#......... ##........
##.......


You could see a quasit.

Vanquished Creatures
  2 worms (D:2)
  3 dart slugs
  A leopard gecko (D:1)
  5 goblins
  2 hobgoblins (D:1)
  5 bats
  5 frilled lizards
  3 kobolds
  8 rats (D:1)
34 creatures vanquished.

Notes
Turn   | Place    | Note
-------+----------+-------------------------------------------
     0 | D:1      | Descartes the Felid Chaos Knight began the quest for the
                  | Orb.
     0 | D:1      | Reached XP level 1. HP: 10/10 MP: 2/2
    88 | D:1      | Reached skill level 1 in Stealth
   102 | D:1      | Reached XP level 2. HP: 13/14 MP: 3/3
   105 | D:1      | XOM: silly message
   157 | D:1      | XOM: silly message
   402 | D:1      | XOM: silly message
   501 | D:1      | XOM: silly message
   811 | D:2      | Reached XP level 3. HP: 12/17 MP: 4/4
   815 | D:2      | Reached skill level 4 in Dodging
   834 | D:2      | XOM: silly message
   962 | D:2      | XOM: 1-stop teleportation journey
   971 | D:2      | XOM: smoke on damage
   977 | D:2      | Slain by a quasit

Illustrated notes

Levels and vault maps discovered:
D:1:      tarquinn_simple_flora_water_b, layout_rooms, minmay_tripent
D:2:      layout_rooms

Skill      XL: |  1  2  3 |
---------------+----------+-----
Stealth        | 1 2 |  2.4
Dodging        | 4 |  4.1
Fighting       | |  3.0
Unarmed Combat | |  3.5

Action                   || total
-------------------------++-------
Melee: Unarmed           ||    89
       Bite              ||     2
       Punch             ||     1
 Stab: Sleeping          ||     4
Armor: Skin              ||     3
Dodge: Dodged            ||    74
